 Dungeon Crawl Stone Soup version 0.15.0-13-gb296d5c (webtiles) character file.

331 Aelig the Sneak (level 6, -8/38 HPs)
             Began as an Octopode Transmuter on Sept 3, 2014.
             Mangled by a wight
             ... wielding a cursed +0 great sword
              (11 damage)
             ... on Level 5 of the Dungeon.
             The game lasted 00:11:58 (3905 turns).

Aelig the Sneak (Octopode Transmuter)               Turns: 3905, Time: 00:11:59

HP  -8/38        AC  1     Str  9      XL: 6   Next: 52%
MP  11/11        EV 12     Int 17      God:
Gold 154         SH  0     Dex 13      Spells:  3 memorised,  4 levels left

rFire  . . .     SeeInvis .       - Unarmed
rCold  . . .     Clarity  .     (no shield)
rNeg   . . .     rCorr    .     (helmet restricted)
rPois  .         rRot     .     (no amulet)
rElec  .         Spirit   .     (no ring)
SustAb .         Warding  .     (no ring)
rMut   .         Stasis   .     (no ring)
Gourm  .                        (no ring)
MR     .....                    (no ring)
                                (no ring)
                                (no ring)
                                (no ring)

@: not resistant to hostile enchantments, quite stealthy
A: almost no armour, amphibious, 8 rings, constrict 8, camouflage 1, gelatinous
body 1
a: no special abilities


You were on level 5 of the Dungeon.
You were not hungry.

You visited 1 branch of the dungeon, and saw 5 of its levels.

You collected 154 gold pieces.

Inventory:

Missiles
 b - 39 arrows
 e - 64 stones (quivered)
Magical devices
 v - a wand of enslavement (15) {unknown}
Comestibles
 a - 2 bread rations
 t - a meat ration
 u - a rotting chunk of quokka flesh
 z - 5 chunks of ogre flesh
Scrolls
 g - a scroll of random uselessness {unknown}
 h - a scroll of teleportation {unknown}
 l - 4 scrolls of identify {unknown}
 o - 3 scrolls of enchant armour
 q - 2 scrolls of immolation {unknown}
 s - 2 scrolls of remove curse
 y - a scroll of magic mapping {unknown}
Jewellery
 m - an uncursed ring of fire {unknown}
 r - an uncursed ring of ice {unknown}
Potions
 c - 2 potions of heal wounds {unknown}
 f - a potion of confusion {unknown}
 i - 2 potions of agility {unknown}
 j - a potion of magic {unknown}
 k - a potion of experience {unknown}
 n - 4 potions of curing {unknown}
 p - a potion of cancellation {unknown}
 w - a potion of poison {unknown}
 x - a potion of haste {unknown}
Books
 d - a book of Changes

   Spells                             Type                      Level
   *Beastly Appendage                 Transmutation                1
   *Sticks to Snakes                  Transmutation                2
   *Spider Form                       Transmutation/Poison         3
   Ice Form                           Ice/Transmutation            4
   Blade Hands                        Transmutation                5


   Skills:
 - Level 1.1 Fighting
 - Level 2.4 Dodging
 - Level 7.0 Stealth
 - Level 4.1 Unarmed Combat
 - Level 2.5 Spellcasting
 + Level 2.3 Transmutations


You had 4 spell levels left.
You knew the following spells:

 Your Spells              Type           Power        Failure   Level  Hunger
a - Beastly Appendage     Trmt           ##....       10%         1    #......
b - Sticks to Snakes      Trmt           ##........   14%         2    ##.....
c - Spider Form           Trmt/Pois      #.........   38%         3    ###....


Dungeon Overview and Level Annotations

Branches:
Dungeon (5/15)
 Temple: D:4-7

Altars:
Kikubaaqudgha
Makhleb
Zin
The Shining One

Annotations:
D:1 exclusion: downstairs
D:2 Sigmund
D:3 exclusion: downstairs


Innate Abilities, Weirdness & Mutations

You cannot wear most types of armour.
You are amphibious.
You can wear up to eight rings at the same time.
You can use your tentacles to constrict many enemies at once.
Your skin changes colour to match your surroundings (Stealth).
Your rubbery body absorbs attacks (AC +1).


Message History

The wight is moderately damaged.
Your transformation is almost over.
You constrict the wight, but do no damage.
The wight hits you with a great sword!!
You release your grip on the wight.
There is a stone staircase leading down here.
The wight hits you with a great sword!!
* * * LOW HITPOINT WARNING * * *
You climb downwards.
Your tentacle spike disappears.
There is a stone staircase leading up here.
A bat comes into view.
A kobold zombie comes into view.
Found a club.
Found a runed spear.
The kobold zombie hits you.
* * * LOW HITPOINT WARNING * * *
The bat completely misses you. The bat closely misses you.
The wight hits you with a great sword!
You die...

# . #. # ##
#.########.# .
.).)...... #Y #.##..#
##.#########...Z## .
..............bz.##.#
#..#.###########@##.#
..........# #.##.#
.########.# #.##.####
. . #.######..(....##
..≈_
#.<.............##
..≈..
#.......>........#
≈.≈≈..
#..###...........#
≈≈≈≈≈.. #..#
#.).........#
.≈≈≈≈≈.##..#
##.........##


You could see a wight, a kobold zombie and a bat.

Vanquished Creatures
  An ogre (D:5)
  2 orc priests (D:3)
  An orc wizard (D:3)
  Natasha (thrice) (D:3)
  A worker ant (D:4)
  Ijyb (D:2)
  2 adders
  3 giant geckos
  7 orcs
  2 ball pythons
  7 bats
  7 goblins
  8 hobgoblins
  6 kobolds
  A quokka (D:4)
  2 giant cockroaches (D:1)
  A giant gecko skeleton (D:4)
  A giant newt (D:3)
  A kobold skeleton (D:4)
  7 rats
64 creatures vanquished.

Notes
Turn   | Place    | Note
--------------------------------------------------------------
     0 | D:1      | Aelig, the Octopode Transmuter, began the quest for the Orb.
     0 | D:1      | Reached XP level 1. HP: 13/13 MP: 3/3
   227 | D:1      | Reached XP level 2. HP: 18/18 MP: 4/4
   952 | D:2      | Noticed Ijyb
   952 | D:2      | Noticed Sigmund
  1149 | D:2      | Found a glowing silver altar of Zin.
  1231 | D:2      | Reached XP level 3. HP: 23/23 MP: 4/6
  1235 | D:2      | Learned a level 2 spell: Sticks to Snakes
  1239 | D:2      | Learned a level 3 spell: Spider Form
  1310 | D:2      | Killed Ijyb
  1528 | D:2      | Found a burning altar of Makhleb.
  1741 | D:3      | Noticed Natasha
  1749 | D:3      | Killed Natasha
  1749 | D:3      | Reached skill level 4 in Unarmed Combat
  1749 | D:3      | Reached XP level 4. HP: 20/28 MP: 4/8
  1772 | D:3      | Noticed Natasha
  1781 | D:3      | Killed Natasha
  1781 | D:3      | Reached skill level 1 in Stealth
  1860 | D:3      | Found a glowing golden altar of the Shining One.
  2129 | D:3      | Noticed Natasha
  2132 | D:3      | Killed Natasha
  2319 | D:3      | Reached XP level 5. HP: 5/33 MP: 4/9
  2949 | D:3      | Reached skill level 5 in Stealth
  3188 | D:5      | Entered Level 5 of the Dungeon
  3188 | D:5      | Found a burning altar of Makhleb.
  3189 | D:5      | Noticed an ice beast
  3289 | D:3      | Noticed an ice beast
  3669 | D:4      | Reached XP level 6. HP: 32/38 MP: 8/11
  3753 | D:5      | Noticed an ice beast
  3768 | D:5      | Found an ancient bone altar of Kikubaaqudgha.
  3775 | D:5      | Noticed an ogre
  3804 | D:5      | Killed an ogre
  3804 | D:5      | Reached skill level 7 in Stealth
  3905 | D:5      | Mangled by a wight

Action                   |  1- 3 |  4- 6 || total
-------------------------+-------+-------++-------
Melee: Unarmed           |    68 |    91 ||   159
Throw: Stone             |       |     1 ||     1
 Cast: Spider Form       |     2 |     8 ||    10
       Beastly Appendage |       |    10 ||    10
  Use: Scroll            |       |     2 ||     2
 Stab: Sleeping          |     4 |     7 ||    11
       Distracted        |     1 |       ||     1
  Eat: Chunk             |     2 |     5 ||     7
       Bread ration      |       |     1 ||     1
       Pizza             |       |     1 ||     1
